 Dungeon Crawl Stone Soup version 0.13-a0-3159-gc5ce8eb (webtiles) character file.

71 4tharraofdagon the Firebug (level 2, 5/21 HPs)
             Began as a Djinni Fire Elementalist on Sept 24, 2013.
             Quit the game on Level 4 of the Dungeon.
             The game lasted 00:01:28 (450 turns).

4tharraofdagon the Firebug (DjFE)                    Turns: 450, Time: 00:01:28

HP   5/21        AC  3     Str  8      XL: 2   Next: 62%
MP   0/0         EV 12     Int 15      God:
Gold 50          SH  0     Dex 13      Spells:  1 memorised,  3 levels left

Res.Fire  : + + +   See Invis. : .   d - +0,+1 dagger (venom)
Res.Cold  : x . .   Warding    : .   a - +0 robe
Life Prot.: + + +   Conserve   : .   (no shield)
Res.Poison: .       Res.Corr.  : .   i - +0 helmet
Res.Elec. : .       Clarity    : .   (no cloak)
Sust.Abil.: . .     Spirit.Shd : .   (no gloves)
Res.Mut.  : .       Stasis     : .   (boots unavailable)
Res.Rott. : .       Flight     : .   (no amulet)
Saprovore : . . .                    (no ring)
                                     (no ring)

@: not resistant to hostile enchantments, unstealthy
A: fire immunity, cold vulnerability, life protection 3
a: no special abilities


You were on level 4 of the Dungeon.
You were not hungry.

You visited 1 branch of the dungeon, and saw 5 of its levels.

You collected 30 gold pieces.

Inventory:

Hand weapons
 d - a +0,+1 dagger of venom (weapon)
Armour
 a - a +0 robe (worn)
 i - a +0 helmet (worn)
Scrolls
 c - 2 scrolls of curse jewellery
 e - a scroll of amnesia {unknown}
 f - a scroll of remove curse {unknown}
 g - 2 scrolls of identify
Jewellery
 j - an uncursed amulet of the gourmand
Books
 b - a book of Flames

   Spells                             Type                      Level
   *Flame Tongue                      Conjuration/Fire             1
   Throw Flame                        Conjuration/Fire             2
   Conjure Flame                      Conjuration/Fire             3
   Inner Flame                        Hexes/Fire                   3
   Sticky Flame                       Conjuration/Fire             4
   Fireball                           Conjuration/Fire             5


   Skills:
 - Level 1.7 Dodging
 - Level 1.5 Stealth
 + Level 1.9 Spellcasting
 * Level 1.9 Conjurations
 * Level 4.5 Fire Magic


You had 3 spell levels left.
You knew the following spells:

 Your Spells              Type           Power        Failure   Level  Hunger
a - Flame Tongue          Conj/Fire      ##...        8%          1    ##.....


Dungeon Overview and Level Annotations

Branches:
Dungeon (5/27)
 Temple: D:4-7

Altars:

Annotations:
D:4 Pikel


Innate Abilities, Weirdness & Mutations

You are immune to all types of fire, even holy and hellish.
You are vulnerable to cold.
You need no food.
You have no legs.
You are immune to negative energy.


Message History

The worker ant closely misses you.
Found 7 gold pieces.
Unknown command.
Pikel says, "You'll fetch a fair price!"
Found a yellow potion.
Found a stone staircase leading down.
Read which item? (? for menu, Esc to quit)
As you read the scroll labeled QEGIAL IVITISA, it crumbles to dust.
Nothing appears to happen.
The worker ant barely misses you. The worker ant bites you.
* * * LOW HITPOINT WARNING * * *
The phantom blinks!
Read which item? (? for menu, Esc to quit)
As you read the scroll labeled POSOEBI SHROPS, it crumbles to dust.
Use on which item? (\ to view known items) (? for menu, Esc to quit)
c - 2 scrolls of curse jewellery It was a scroll of identify.
The worker ant bites you.
* * * LOW HITPOINT WARNING * * *
Read which item? (? for menu, Esc to quit)
Okay, then.
Are you sure you want to abandon this character and quit the game? (Confirm with "yes".)

....# #....# ...K#
#....# ...K#
#..[.# ??..#
#....#
....###'#####....#
.......@@.@.K...K#
.....#+#####++##K#
.....# #a# .....#
#@# .....#
#p..!..... .....#
#...>.... .....#
#........ .....#
#..$....# ...
........ .......
##.... .


You could see Pikel, a phantom, a worker ant and a kobold.

Vanquished Creatures
  An adder (D:2)
  A giant gecko (D:2)
  A hobgoblin (D:2)
  A jackal (D:3)
  A quokka (D:2)
  2 giant newts (D:2)
  2 kobolds (D:4)
  2 rats
11 creatures vanquished.

Notes
Turn   | Place    | Note
--------------------------------------------------------------
     0 | D:1      | 4tharraofdagon, the Djinni Fire Elementalist, began the quest for the Orb.
     0 | D:1      | Reached XP level 1. HP: 14/14 MP: 0/0
   125 | D:2      | Reached XP level 2. EP: 4/21
   409 | D:5      | Entered Level 5 of the Dungeon
   409 | D:5      | Noticed Pikel
   409 | D:5      | Noticed a slave
   409 | D:5      | Noticed a slave
   409 | D:5      | Noticed a slave
   409 | D:5      | Noticed a slave
   426 | D:4      | Noticed a phantom
   431 | D:4      | HP: 1/21 [phantom (6)]
   450 | D:4      | Quit the game

Action                   || total
-------------------------++-------
Melee: Dagger            ||    29
 Cast: Flame Tongue      ||     3
  Use: Potion            ||     3
       Scroll            ||     2
 Stab: Sleeping          ||     1
